 Dungeon Crawl Stone Soup version 0.30-a0-782-ge64f9170bb (webtiles) character file.

Game seed: 18018105052438925120

61 Bnni the Stinger (level 4, -2/33 HPs)
             Began as a Formicid Venom Mage on Mar 1, 2023.
             Slain by a gnoll
             ... wielding a +0 flail
              (9 damage)
             ... on level 2 of the Dungeon.
             The game lasted 00:02:24 (1280 turns).

Bnni the Stinger (Formicid Venom Mage)              Turns: 1280, Time: 00:02:25

Health: -2/33      AC:  3    Str: 14    XL:     4   Next: 27%
Magic:  4/8        EV: 12    Int: 15    God:
Gold:   55         SH:  0    Dex: 14    Spells: 2/8 levels left

rFire   . . .      SeeInvis +    d - +0 short sword
rCold   . . .      Faith    .    (no shield)
rNeg    . . .      Spirit   .    a - +0 robe
rPois   .          Reflect  .    (helmet unavailable)
rElec   .          Harm     .    c - +0 cloak
rCorr   .          Rampage  .    (no gloves)
Will    .....                    (no boots)
Stlth   ++                       (no amulet)
HPRegen 0.25/turn                (no ring)
MPRegen 0.11/turn                (no ring)

@: very slightly contaminated
A: permanent stasis, dig shafts and tunnels, antennae 3, four strong arms
a: Dig, Shaft Self


You were on level 2 of the Dungeon.
You visited 1 branch of the dungeon, and saw 2 of its levels.

You collected 55 gold pieces.

Inventory:

Hand Weapons
 d - a +0 short sword (weapon)
Armour
 a - a +0 robe (worn)
 c - a +0 cloak (worn)
 j - a +0 ring mail
Scrolls
 e - a scroll of enchant weapon {unknown}
 g - a scroll of vulnerability {unknown}
 l - a scroll of summoning {unknown}
 m - a scroll of immolation {unknown}
 n - 2 scrolls of teleportation {unknown}
 o - a scroll of magic mapping {unknown}
Potions
 b - a potion of magic
 f - a potion of brilliance {unknown}
 h - a potion of lignification {unknown}
 i - 2 potions of berserk rage {unknown}
 k - 2 potions of curing {unknown}
 p - a potion of attraction {unknown}


   Skills:
 + Level 1.7 Fighting
 - Level 1.7 Dodging
 - Level 2.4 Stealth
 + Level 2.8 Spellcasting
 - Level 1.1 Transmutations
 * Level 5.3 Poison Magic


You had 2 spell levels left.
You knew the following spells:

 Your Spells              Type           Power      Damage    Failure   Level
a - Sting                 Tmut/Pois      44%        1d5       5%          1
b - Poisonous Vapours     Pois/Air       20%        N/A       11%         2
c - Mephitic Cloud        Conj/Pois/Air  7%         N/A       28%         3

Your spell library contained the following spells:

 Spells                   Type           Power      Damage    Failure   Level
 Summon Small Mammal      Summ           8%         N/A       21%         1
 Olgreb's Toxic Radiance  Pois           18%        N/A       22%         4
 Call Canine Familiar     Summ           2%         N/A       52%         3
 Summon Guardian Golem    Hex/Summ       2%         N/A       52%         3


Dungeon Overview and Level Annotations

Branches:
Dungeon (2/15)

Altars:

Shops:
D:1 [


Innate Abilities, Weirdness & Mutations

You cannot be hasted, slowed, berserked, paralysed or teleported.
You can dig through walls and to a lower floor.
You have a pair of large antennae on your head. (SInv)
Your four strong arms can wield two-handed weapons with a shield.


Message History

You hit the frilled lizard.
You kill the frilled lizard!
You hit the frilled lizard.
You kill the frilled lizard!
The ball python hisses angrily.
You hit the ball python.
You kill the ball python!
No target in view!
As you open the door, it creaks loudly!
You hear a shout! x4 2 gnolls come into view.
There is an open door here. 2 gnolls come into view.
The gnoll attacks as you move away! The gnoll hits you with a +0 flail!
There is an open door here.
Aiming: Sting (safe; 5% risk of failure)
Press: ? - help, Q - select action, (/) - cycle Shift-Dir - straight line, f - gnoll
Aim: a gnoll, wielding a +0 flail (75% to hit)
You miscast Sting.
You are very lightly contaminated with residual magic.
Nothing appears to happen.
The gnoll misses you.
Aiming: Sting (safe; 5% risk of failure)
Press: ? - help, Q - select action, (/) - cycle Shift-Dir - straight line, f/p - gnoll
Aim: a gnoll, wielding a +0 flail (75% to hit)
The sting hits the gnoll.
The gnoll is poisoned.
The gnoll is lightly wounded.
The gnoll hits you with a +0 flail!
Aiming: Sting (safe; 5% risk of failure)
Press: ? - help, Q - select action, (/) - cycle Shift-Dir - straight line, f/p - gnoll
Aim: a gnoll, wielding a +0 flail (lightly wounded, poisoned, 75% to hit)
You miscast Sting.
Nothing appears to happen.
The gnoll hits you with a +0 flail!
* * * LOW HITPOINT WARNING * * *
Aiming: Sting (safe; 5% risk of failure)
Press: ? - help, Q - select action, (/) - cycle Shift-Dir - straight line, f/p - gnoll
Aim: a gnoll, wielding a +0 flail (lightly wounded, poisoned, 75% to hit)
The sting hits the gnoll.
The gnoll looks even sicker.
The gnoll is moderately wounded.
The gnoll hits you with a +0 flail!
You die...

#######.# #.#
#######.########
................ ..#
#######.######## ..#
#...#.####### ...#
#...#.##....# ##+##...##
#...#.##.##.#####.........
#...'.##......@ggg........
#...#######.#####.........
#...'...........{.........
+...#######.#####..g......
#...#######.# #...g...#..
#...........# #.......#
#.......†...# #.......# #
##..........# #.........
####..........#
#..........


You could see 3 gnolls.

Vanquished Creatures
  2 gnolls (D:1)
  2 worms (D:2)
  4 endoplasms
  A giant cockroach (D:1)
  6 goblins
  4 hobgoblins (D:1)
  3 kobolds
  A quokka (D:2)
  2 ball pythons
  2 bats
  5 frilled lizards
  3 rats (D:1)
35 creatures vanquished.

Notes
Turn   | Place    | Note
-------+----------+-------------------------------------------
     0 | D:1      | Bnni the Formicid Venom Mage began the quest for the Orb.
     0 | D:1      | Reached XP level 1. HP: 13/13 MP: 3/3
    95 | D:1      | Reached XP level 2. HP: 20/20 MP: 0/5
   105 | D:1      | Learned a level 2 spell: Poisonous Vapours
   114 | D:1      | Reached skill level 1 in Fighting
   131 | D:1      | Reached XP level 3. HP: 3/26 MP: 0/6
   190 | D:1      | Learned a level 3 spell: Mephitic Cloud
   208 | D:1      | Found Eryewk's Antique Armour Emporium.
   349 | D:1      | Reached skill level 5 in Poison Magic
  1025 | D:2      | Reached XP level 4. HP: 32/32 MP: 8/8
  1280 | D:2      | Slain by a gnoll

Illustrated notes

Levels and vault maps discovered:
D:1:      dpeg_arrival_long_road, layout_rooms, serial_shops, shop
D:2:      layout_basic

Skill      XL: |  1  2  3 |
---------------+----------+-----
Fighting       | 1 |  1.7
Poison Magic   | 5 |  5.3
Dodging        | |  1.7
Stealth        | |  2.4
Spellcasting   | |  2.8
Transmutations | |  1.1

Action                     |  1- 3 |  4- 6 || total
---------------------------+-------+-------++-------
  Melee: Club              |     4 |       ||     4
         Short sword       |    68 |    16 ||    84
   Cast: Sting             |    25 |    13 ||    38
 Armour: Robe              |    11 |     3 ||    14
  Dodge: Dodged            |    47 |     8 ||    55

Table legend: (Time is in decaauts)
 A = Elapsed time spent in this place.
 B = Non-inter-level travel time spent in this place.
 C = Inter-level travel time spent in this place.
 D = Time resting spent in this place.
 E = Time spent auto-exploring this place.
 F = Levels seen in this place.
 G = Mean time per level.
                   A        B        C        D        E       F      G
               +--------+--------+--------+--------+--------+-----+--------+
         Total |   1279 |   1263 |     16 |     55 |    899 |   2 |  639.5 |
       Dungeon |   1279 |   1263 |     16 |     55 |    899 |   2 |  639.5 |
               +--------+--------+--------+--------+--------+-----+--------+

Top non-repeatable levels by time:
     D:1: 762 daAuts
     D:2: 517 daAuts
